 Dungeon Crawl Stone Soup version 0.25.1-8-g42b30a86e7 (webtiles) character file.

Game seed: 16379548028685102833

20576 Gabide the Bludgeoner (level 12, -2/94 HPs)
             Began as a White Draconian Berserker on Dec 26, 2020.
             Was a High Priest of Trog.
             Succumbed to Nessos's poison
             ... on level 13 of the Dungeon.
             The game lasted 00:45:43 (13407 turns).

Gabide the Bludgeoner (White Draconian Berserker)  Turns: 13407, Time: 00:45:43

Health: -2/94      AC: 13    Str: 23    XL:     12   Next: 46%
Magic:  1/12       EV: 16    Int:  9    God:    Trog [*****.]
Gold:   324        SH:  0    Dex: 11    Spells: 11/11 levels left

rFire    . . .     SeeInvis +   m - +1 battleaxe (flame)
rCold    + + .     Gourm    .   (shield currently unavailable)
rNeg     . . .     Faith    .   (armour unavailable)
rPois    .         Spirit   +   (helmet restricted)
rElec    .         Reflect  .   t - +1 cloak
rCorr    .         Harm     .   c - +2 pair of gloves
MR       ++...                  (no boots)
Stlth    +.........             n - amulet of guardian spirit
HPRegen  1.25/turn              g - ring of see invisible
MPRegen  0.13/turn              j - ring of protection from cold

@: lethally poisoned (-2 -> -22), short of breath, regenerating
A: breathe frost, unfitting armour, stinger 1, cold resistance 1, frail 1,
screaming 1, cold-blooded, AC +8
a: Breathe Frost, Berserk, Trog's Hand, Brothers in Arms, Renounce Religion


You were on level 13 of the Dungeon.
You worshipped Trog.
Trog was extremely pleased with you.
You were not hungry.

You visited 1 branch of the dungeon, and saw 12 of its levels.

You collected 632 gold pieces.
You spent 308 gold pieces at shops.

Inventory:

Hand Weapons
 m - a +1 battleaxe of flaming (weapon)
 x - a +2 morningstar of protection
Armour
 c - a +2 pair of gloves (worn)
 t - a +1 cloak (worn)
Jewellery
 g - a ring of see invisible (left hand)
 j - a ring of protection from cold (right hand)
 l - an uncursed ring of ice
 n - an amulet of guardian spirit (around neck)
Wands
 d - a wand of polymorph (3)
 h - a wand of digging (10)
 i - a wand of disintegration (11)
Scrolls
 k - 5 scrolls of remove curse
 s - 2 scrolls of fear
Potions
 e - a potion of magic
Miscellaneous
 o - a phantom mirror
Comestibles
 b - 4 rations


   Skills:
 + Level 9.5 Fighting
 * Level 2.7(10.5) Axes
 - Level 15.1(15.2) Maces & Flails
 + Level 8.6 Dodging
 + Level 6.6 Unarmed Combat


You had 11 spell levels left.
You didn't know any spells.
Your spell library was empty.

Dungeon Overview and Level Annotations

Branches:
Dungeon (13/15)              Lair (0/6) D:9             Orc (0/2) D:9
 Temple: D:4-7       Vaults: D:13-14

Altars:
Elyvilon
Fedhas
Hepliaklqana
Kikubaaqudgha
Okawaru
Qazlal
Sif Muna
Trog
Xom
Yredelemnul
Zin
The Shining One

Shops:
D:8 !

Annotations:
D:3 2 transporters, Clowwww's ghost, amateur DsFi
D:9 5 exclusions
D:10 6 exclusions
D:13 Nessos


Innate Abilities, Weirdness & Mutations

You can breathe waves of freezing cold.
You can buffet flying creatures when you breathe cold.
Your icy white scales are hard. (AC +8)
You cannot fit into any form of body armour.
Your flesh is cold resistant. (rC+)
You are cold-blooded and may be slowed by cold attacks.
Your tail ends in a poisonous barb.
You are frail. (-10% HP)
You occasionally shout uncontrollably at your foes.


Message History

The hound bites you but does no damage.
Nessos shoots an arrow.
The arrow hits you!
* * * LOW HITPOINT WARNING * * *
The arrow burns you!
* * * LOW HITPOINT WARNING * * *
The hound barely misses you.
You see here an arrow.
Unknown command.
You feel less invigorated.
You feel less confused.
* * * LOW HITPOINT WARNING * * *
You feel very sick.
Nessos shoots an arrow.
The arrow hits you!
* * * LOW HITPOINT WARNING * * *
The arrow burns you.
You are more poisoned.
* * * LOW HITPOINT WARNING * * *
Nessos shoots an arrow.
The arrow hits you but does no damage.
You see here 2 arrows.
You die...

................#
................#
.......c.......#
........(......#
####..(.......#
#((.(......#
#(h........#
#(.........#
#@.........#
#..........#
#.########.#
#.########.#
#..........#
#..........#
####.......#
#......^#
#.......#


You could see Nessos (fast) and a hound.

Vanquished Creatures
  Fannar (D:12)
  A two-headed ogre (D:11)
  An ogre mage (D:12)
  Nergalle (D:12)
  A skeletal warrior (D:12)
  A deep elf knight (D:12)
  An ugly thing (D:12)
  A cyclops (D:9)
  2 manticores
  A kobold demonologist (D:11)
  A merfolk (D:9)
  4 trolls
  7 slime creatures (D:12)
  4 hippogriffs
  A wyvern (D:12)
  19 yaks
  2 basilisks (D:12)
  2 vampire mosquitoes (D:12)
  2 hungry ghosts
  A soldier ant (D:10)
  Edmund (D:3)
  Duvessa (D:5)
  2 ice beasts
  4 sky beasts
  An eye of draining (D:10)
  6 orc warriors
  2 black bears (D:12)
  A hornet zombie (D:12)
  5 phantoms
  A boggart (D:12)
  2 wolves
  2 necrophages (D:10)
  5 ogres
  4 centaurs
  3 big kobolds
  Blork the orc (D:4)
  8 bullfrogs
  A wyvern zombie (D:12)
  Dowan (D:5)
  2 scorpions (D:12)
  4 killer bees (D:10)
  5 wights (D:12)
  3 howler monkeys
  2 electric eels (D:10)
  4 crimson imps
  A quasit (D:8)
  2 bullfrog zombies
  3 orc priests
  8 hounds
  A jelly (D:11)
  3 bullfrog skeletons
  A centaur skeleton (D:5)
  Jessica (D:2)
  4 iguanas
  12 orc wizards
  8 worker ants
  A hound skeleton (D:4)
  A howler monkey zombie (D:10)
  A howler monkey skeleton (D:10)
  6 adders
  3 shadow imps
  2 oozes (D:3)
  2 adder skeletons
  A dart slug (D:1)
  5 leopard geckos
  43 orcs
  A ball python (D:5)
  7 giant cockroaches
  5 goblins
  9 hobgoblins
  16 jackals
  17 kobolds
  2 quokkas
  9 bats
  4 frilled lizards
  A goblin skeleton (D:8)
  A hobgoblin zombie (D:8)
  2 kobold skeletons (D:8)
  A leopard gecko skeleton (D:5)
  An orc skeleton (D:8)
  An orc zombie (D:8)
  9 rats
  A spectral orc (D:2)
321 creatures vanquished.

Vanquished Creatures (collateral kills)
  Frances (D:12)
  3 skeletal warriors (D:12)
  A quasit (D:11)
  An orc wizard (D:11)
  An orc (D:11)
  2 jackals (D:11)
9 creatures vanquished.

Grand Total: 330 creatures vanquished

Notes
Turn   | Place    | Note
-------+----------+-------------------------------------------
     0 | D:1      | Gabide the Draconian Berserker began the quest for the Orb.
     0 | D:1      | Reached XP level 1. HP: 19/19 MP: 1/1
   298 | D:1      | Reached XP level 2. HP: 22/26 MP: 2/2
   927 | D:2      | Noticed Jessica
   933 | D:2      | Reached XP level 3. HP: 31/31 MP: 3/3
   943 | D:2      | Killed Jessica
   943 | D:2      | Reached ** piety under Trog
   943 | D:2      | Reached skill level 4 in Maces & Flails
  1087 | D:1      | Reached XP level 4. HP: 25/40 MP: 4/4
  1650 | D:2      | Found a basalt altar of Yredelemnul.
  1943 | D:3      | Reached XP level 5. HP: 43/46 MP: 5/5
  2041 | D:3      | Found a stormy altar of Qazlal.
  2224 | D:3      | Found a transporter.
  2248 | D:3      | Noticed Clowwww's ghost (amateur DsFi)
  2264 | D:3      | Found a transporter.
  2366 | D:4      | Found a hazy altar of Hepliaklqana.
  2366 | D:4      | Found a shimmering blue altar of Sif Muna.
  2376 | D:3      | Reached skill level 5 in Maces & Flails
  2550 | D:3      | Reached XP level 6. HP: 52/52 MP: 6/6
  2624 | D:4      | Reached *** piety under Trog
  2624 | D:4      | Reached skill level 6 in Maces & Flails
  2689 | D:4      | Noticed Edmund
  2716 | D:3      | Killed Edmund
  2722 | D:3      | Your scales start taking on an icy white colour.
  2722 | D:3      | Reached XP level 7. HP: 43/60 MP: 7/7
  2722 | D:3      | Gained mutation: Your flesh is cold resistant. (rC+) [White
                  | Draconian growth]
  2845 | D:4      | Reached skill level 7 in Maces & Flails
  2907 | D:4      | Noticed Blork the orc
  2922 | D:4      | Killed Blork the orc
  3059 | D:4      | Found a blossoming altar of Fedhas.
  3170 | D:5      | Entered Level 5 of the Dungeon
  3230 | D:5      | Noticed Duvessa
  3232 | D:5      | Noticed Dowan
  3246 | D:5      | Killed Duvessa
  3246 | D:5      | Reached skill level 5 in Fighting
  3246 | D:5      | Reached skill level 8 in Maces & Flails
  3248 | D:5      | Reached XP level 8. HP: 56/68 MP: 8/8
  3268 | D:5      | Killed Dowan
  3613 | D:5      | Found a white marble altar of Elyvilon.
  3639 | D:5      | Reached skill level 9 in Maces & Flails
  3760 | D:5      | Found an iron altar of Okawaru.
  3919 | D:5      | You fall into a shaft and drop 2 floors!
  4094 | D:7      | Reached skill level 10 in Maces & Flails
  4308 | D:7      | Reached **** piety under Trog
  4308 | D:7      | Reached skill level 5 in Dodging
  4321 | D:7      | Reached XP level 9. HP: 74/74 MP: 9/9
  4729 | D:8      | Found Mened's Distillery.
  4737 | D:8      | Bought a potion of might for 56 gold pieces
  4737 | D:8      | Bought a potion of might for 56 gold pieces
  4737 | D:8      | Bought a potion of mutation for 112 gold pieces
  4737 | D:8      | Bought a potion of curing for 42 gold pieces
  4737 | D:8      | Gained mutation: Potions are less effective at restoring
                  | your health. [potion of mutation]
  4737 | D:8      | Gained mutation: You are clumsy. (Dex -2) [potion of
                  | mutation]
  4737 | D:8      | Gained mutation: You are resistant to hostile enchantments.
                  | (MR+) [potion of mutation]
  4738 | D:8      | Lost mutation: You are resistant to hostile enchantments.
                  | (MR+) [potion of mutation]
  4738 | D:8      | Lost mutation: You are clumsy. (Dex -2) [potion of
                  | mutation]
  4738 | D:8      | Gained mutation: You are frail. (-10% HP) [potion of
                  | mutation]
  4738 | D:8      | Gained mutation: Your system is resistant to poisons.
                  | (rPois) [potion of mutation]
  4738 | D:8      | Lost mutation: Your system is resistant to poisons. (rPois)
                  | [potion of mutation]
  4738 | D:8      | Gained mutation: You are somewhat resistant to further
                  | mutation. [potion of mutation]
  4739 | D:8      | Lost mutation: You are somewhat resistant to further
                  | mutation. [potion of mutation]
  4739 | D:8      | Lost mutation: Potions are less effective at restoring your
                  | health. [potion of mutation]
  4739 | D:8      | Gained mutation: Your tail ends in a poisonous barb.
                  | [potion of mutation]
  4739 | D:8      | Gained mutation: You are dopey. (Int -2) [potion of
                  | mutation]
  4739 | D:8      | Lost mutation: You are dopey. (Int -2) [potion of mutation]
  4791 | D:8      | Reached skill level 1 in Unarmed Combat
  4832 | D:8      | Found a shimmering altar of Xom.
  5109 | D:8      | Found a glowing golden altar of the Shining One.
  5120 | D:8      | Reached ***** piety under Trog
  5235 | D:8      | Reached skill level 11 in Maces & Flails
  5369 | D:8      | Found a glowing silver altar of Zin.
  5404 | D:9      | Noticed a troll
  5414 | D:8      | Killed a troll
  5769 | D:8      | Bought a potion of curing for 42 gold pieces
  5832 | D:9      | Noticed a troll
  5838 | D:9      | Killed a troll
  5881 | D:9      | Found an ancient bone altar of Kikubaaqudgha.
  5897 | D:9      | Noticed a cyclops
  5917 | D:9      | Killed a cyclops
  6269 | D:9      | Found a staircase to the Orcish Mines.
  6284 | D:9      | Reached XP level 10. HP: 75/75 MP: 10/10
  7098 | D:9      | Found a staircase to the Lair.
  7418 | D:10     | Entered Level 10 of the Dungeon
  7697 | D:10     | Reached skill level 12 in Maces & Flails
  7912 | D:10     | Lost mutation: Your tail ends in a poisonous barb. [potion
                  | of mutation]
  7912 | D:10     | Lost mutation: You are frail. (-10% HP) [potion of
                  | mutation]
  7912 | D:10     | Gained mutation: You occasionally shout uncontrollably at
                  | your foes. [potion of mutation]
  7912 | D:10     | Gained mutation: You are frail. (-10% HP) [potion of
                  | mutation]
  7912 | D:10     | Gained mutation: Your tail ends in a poisonous barb.
                  | [potion of mutation]
  9085 | D:11     | Reached skill level 13 in Maces & Flails
  9313 | D:11     | Noticed a manticore
  9317 | D:11     | Reached XP level 11. HP: 82/83 MP: 11/11
  9455 | D:11     | Found a bloodstained altar of Trog.
  9505 | D:11     | Reached skill level 5 in Unarmed Combat
  9619 | D:11     | Noticed a two-headed ogre
  9627 | D:11     | Killed a two-headed ogre
 10038 | D:12     | Noticed Frances
 10054 | D:12     | Killed Frances
 10377 | D:12     | Noticed a skeletal warrior
 10377 | D:12     | Noticed a skeletal warrior
 10377 | D:12     | Noticed a skeletal warrior
 10377 | D:12     | Noticed a skeletal warrior
 10389 | D:12     | Killed a skeletal warrior
 10402 | D:12     | Killed a skeletal warrior
 10415 | D:12     | Killed a skeletal warrior
 10415 | D:12     | Reached skill level 14 in Maces & Flails
 10418 | D:12     | Killed a skeletal warrior
 10817 | D:12     | Noticed Fannar
 10833 | D:12     | Killed Fannar
 11137 | D:12     | Noticed a green ugly thing
 11141 | D:12     | Noticed a deep elf knight
 11142 | D:12     | Noticed an ogre mage
 11157 | D:12     | Killed a green ugly thing
 11157 | D:12     | Reached XP level 12. HP: 59/92 MP: 8/12
 11169 | D:12     | Killed an ogre mage
 11450 | D:12     | Found the +3 robe of Clouds {+Thunder rCloud rElec}
 11556 | D:12     | Noticed Nergalle
 11579 | D:12     | Killed Nergalle
 11898 | D:12     | Reached skill level 15 in Maces & Flails
 12160 | D:12     | Reached skill level 1 in Axes
 13391 | D:13     | Noticed Nessos
 13405 | D:13     | HP: 1/94 [Nessos/arrow (4)]
 13407 | D:13     | Succumbed to Nessos's poison

Illustrated notes

Levels and vault maps discovered:
D:1:      saegor_arrival_simple_d, layout_basic, serial_glass, glass_columns_a,
          glass_columns_c
D:2:      layout_rooms, yredelemnul_forgotten_temple_becter,
          minmay_quadrilaterals, uniq_jessica
D:3:      layout_rooms, nicolae_overflow_crystal_walls, gammafunk_ghost_arena,
          first_ration
D:4:      cheibrodos_quashed, layout_layer_cave, lemuel_crystal_altar,
          chequers_temple_overflow_statue_of_worship, uniq_blork_the_orc,
          uniq_edmund
D:5:      layout_rooms, okawaru_ov_weapons_minmay, lemuel_round_altar,
          corexii_hall_statues_i, uniq_duvessa
D:7:      layout_rooms
D:8:      layout_basic, lemuel_doored_altar, nicolae_tso_besieged_by_evil,
          xom_teletrap_fun, serial_shops, shop
D:9:      layout_long_grid, kiku_gazebo_pond_becter, erik_lair_island,
          orc_0_dummy, hangedman_fish_farm
D:10:     layout_basic
D:11:     layout_cross, bloody_trog
D:12:     minmay_the_grid_3x2 [minmay_the_grid_paths,
          minmay_the_grid_minigrid_large, minmay_the_grid_mess,
          minmay_the_grid_zigzag_pyramid, minmay_the_grid_slots,
          minmay_the_grid_prize_trominoes], layout_grid_maze, uniq_nergalle,
          uniq_fannar, uniq_frances
D:13:     layout_stronghold, skrybe_vaults_entry_preservation, uniq_nessos,
          uniq_rupert

Skill      XL: |  1  2  3  4  5  6  7  8  9 10 11 12 |
---------------+-------------------------------------+-----
Dodging        | 3 4 5 6 7 8 |  8.6
Maces & Flails | 4 5 6 8 10 11 13 14 15 | 15.1
Fighting       | 4 5 6 7 8 9 |  9.5
Unarmed Combat | 3 4 6 |  6.6
Axes           | 2 |  2.7

Action                   |  1- 3 |  4- 6 |  7- 9 | 10-12 || total
-------------------------+-------+-------+-------+-------++-------
Melee: Mace              |    93 |   131 |       |       ||   224
       Tailslap          |     7 |    14 |    43 |    91 ||   155
       Flail             |       |       |   346 |   275 ||   621
       Morningstar       |       |       |       |   280 ||   280
       Punch             |       |       |       |     9 ||     9
       Battleaxe         |       |       |       |    71 ||    71
Throw: Boomerang         |       |     6 |     1 |       ||     7
Invok: Berserk           |     2 |     6 |    20 |    27 ||    55
       Trog's Hand       |     1 |     1 |     1 |     5 ||     8
       Brothers in Arms  |       |       |       |     7 ||     7
 Abil: Breathe Frost     |       |       |    11 |    25 ||    36
Evoke: Wand              |       |       |     2 |     1 ||     3
  Use: Scroll            |     5 |     3 |     8 |     8 ||    24
       Potion            |       |       |     4 |    11 ||    15
  Eat: Chunk             |     2 |    10 |    22 |    36 ||    70
       Ration            |       |       |     3 |    10 ||    13
Armor: Skin              |    43 |    38 |   140 |   238 ||   459
Dodge: Dodged            |    75 |   130 |   264 |   495 ||   964
